 Dungeon Crawl Stone Soup version 0.17-a0-2027-gcac42c4 (webtiles) character file.

2826 Gorice the Zephyrmancer (level 9, -1/35 HPs)
             Began as a Felid Wanderer on Oct 10, 2015.
             Was a Believer of Vehumet.
             Slain by a killer bee (4 damage)
             ... on level 9 of the Dungeon.
             The game lasted 01:25:49 (14930 turns).

Gorice the Zephyrmancer (Felid Wanderer)           Turns: 14930, Time: 01:25:49

Health: -1/35      AC:  5    Str:  6    XL:     9   Next: 45%
Magic:  11/20      EV: 16    Int: 17    God:    Vehumet [**....]
Gold:   1098       SH:  0    Dex: 16    Spells: 5 memorised, 8 levels left
                                        Lives:  0   Deaths: 3

rFire  + . .     SeeInvis +       - Unarmed
rCold  . . .     Rnd*Rage +     (armour unavailable)
rNeg   . . .     SustAt   .     (shield unavailable)
rPois  +         Gourm    .     (helmet unavailable)
rElec  .         Spirit   .     (cloak unavailable)
rCorr  .         Warding  .     (gloves unavailable)
rMut   .         Stasis   .     (boots unavailable)
MR     +....                    (no amulet)
Stlth  +++.......               o - ring of protection from fire
                                B - ring of poison resistance

@: lethally poisoned (-1 -> -6), repel missiles, quick, somewhat resistant to
hostile enchantments, fairly stealthy
A: no armour, no weapons or thrown items, claws 1, fangs 3, icy blue scales 1,
yellow scales 1, see invisible, berserk 1, blink, carnivore 3, speed 1, shaggy
fur 2, slow metabolism 1, weak 1, sharp paws
a: Blink, Renounce Religion


You were on level 9 of the Dungeon.
You worshipped Vehumet.
Vehumet was pleased with you.
You were not hungry.

You visited 2 branches of the dungeon, and saw 10 of its levels.
You also visited: Bailey.

You collected 1098 gold pieces.

Inventory:

Jewellery
 o - a ring of protection from fire (right paw)
 q - a +3 ring of dexterity
 B - a ring of poison resistance (left paw)
 D - an uncursed ring of flight
Wands
 h - a wand of magic darts (20)
 y - a wand of disintegration (3)
Scrolls
 e - 2 scrolls of magic mapping {!r}
 f - a scroll of amnesia
 i - 3 scrolls of blinking
 k - a scroll of noise {unknown}
 l - 7 scrolls of remove curse
 s - a scroll of fog
 u - 2 scrolls of immolation {!r}
 z - a scroll of silence {unknown}
Potions
 g - a potion of agility {!q}
 j - a potion of resistance {!q}
 m - 4 potions of flight
 p - a potion of cure mutation {!q}
 r - a potion of cancellation {!q}
 t - a potion of might {unknown}
Books
 b - Iskenderun's Grimoire of Aerial Conjuration

   Spells                             Type                      Level
   a - Shock                          Conjuration/Air              1
   b - Mephitic Cloud                 Conjuration/Poison/Air       3
 c - a book of Minor Magic
 x - a book of Unlife
 C - a book of the Sky
Miscellaneous
 Z - a stone of tremors
Comestibles
 d - 7 meat rations {!e}
 v - 2 beef jerkies
 A - a royal jelly


   Skills:
 - Level 1.0 Fighting
 - Level 1.3 Dodging
 - Level 2.6 Stealth
 - Level 2.0 Unarmed Combat
 + Level 6.9 Spellcasting
 - Level 7.1 Conjurations
   Level 1.5 Hexes
 * Level 5.5 Fire Magic
 + Level 8.2 Air Magic
 - Level 5.3 Poison Magic
 - Level 1.1 Evocations


You had 8 spell levels left.
You knew the following spells:

 Your Spells              Type           Power        Failure   Level  Hunger
a - Shock                 Conj/Air       ####         1%          1    None
b - Mephitic Cloud        Conj/Pois/Air  ####....     1%          3    ##.....
c - Conjure Flame         Conj/Fire      ####....     2%          3    ##.....
d - Airstrike             Air            ####......   6%          4    ####...
M - Repel Missiles        Chrm/Air       ###...       3%          2    None


Dungeon Overview and Level Annotations

Branches:
Dungeon (9/15)             Temple (1/1) D:6
   Lair: D:8-11         Orc: D:9-12

Altars:
Ashenzari
Cheibriados
Dithmenos
Elyvilon
Fedhas
Gozag
Kikubaaqudgha
Makhleb
Nemelex Xobeh
Okawaru
Qazlal
Ru
Sif Muna
Trog
Vehumet
Xom
Yredelemnul
The Shining One

Shops:
D:6 :

Annotations:
D:4 Goblin1989's ghost, amateur DsMo
D:9 1 runed door


Innate Abilities, Weirdness & Mutations

You cannot wear armour.
You are incapable of wielding weapons or throwing items.
You have sharp claws.
You have razor-sharp teeth.
You have supernaturally acute eyesight.
You are carnivorous and can eat meat at any time.
You cover ground quickly.
You are covered in thick fur (AC +2).
You have a slow metabolism.
Your sharp claws are effective at attacking unaware monsters.
You are partially covered in icy blue scales (AC +1).
You are partially covered in yellow scales (AC +2).
You tend to lose your temper in combat.
You can translocate small distances at will.
You are weak. (Str -2)


Message History

You are no longer poisoned.
A killer bee comes into view.
Damage: 1 (max 1)
Casting: Shock
Confirm with . or Enter, or press ? or * to list all spells.
Aiming: Mephitic Cloud
Press: ? - help, Shift-Dir - straight line, f - killer bee
Aim: a killer bee The ball explodes into a vile cloud!
The stinking cloud engulfs the killer bee.
The stinking cloud engulfs you!
The killer bee buzzes angrily.
You hear an angry buzzing noise.
The killer bee is engulfed in noxious fumes.
The killer bee appears confused.
The killer bee is engulfed in noxious fumes.
The killer bee appears confused.
You see here 27 sling bullets.
Your magical contamination has completely faded away.
The giant frog misses you. Vehumet accepts your kill.
You feel a bit more experienced. The giant frog completely misses you.
The giant frog closely misses you. The killer bee stings you.
You are poisoned.
The killer bee poisons you! The killer bee completely misses you.
Damage: 4 (max 4)
You feel sick. The killer bee stings you.
* * * LOW HITPOINT WARNING * * *
The killer bee closely misses you.
Damage: 7 (max 7)
You feel sick.
The giant frog hits you but does no damage.
Damage: 1 (max 7)
The killer bee closely misses you.
The killer bee stings you but does no damage.
Use which ability?
You blink.
You feel slightly more hungry.
* * * LOW HITPOINT WARNING * * *
You feel sick. The killer bee stings you.
* * * LOW HITPOINT WARNING * * *
The killer bee stings you but does no damage.
Damage: 5 (max 7) Drink which item? (? for menu, Esc to quit)
You can't drink that!
Unknown command.
Use which ability?
You fail to use your ability.
* * * LOW HITPOINT WARNING * * *
You feel sick. The killer bee stings you.
You die...

.........#..##...# #..........#
#...##......###.####..........##
.....<..###.###..........#.....#
.#..##........#................#
#. #..##.......########...##...
# #[.##........# ###....# ..
#..##......y.# #......# #
##.<.###...yF#####.....##
#..#...#..##@.รท........#
#.####....##..........## ###
###########......# #.....##
#.....# #.....# #....## #....#
#.....


You could see a queen bee, a giant frog and a killer bee.

Vanquished Creatures
  4 orc knights (Bailey)
  A hippogriff (D:8)
  2 ice beasts
  A water moccasin (D:8)
  2 phantoms
  A black bear (D:7)
  A sky beast (D:8)
  2 centaurs
  9 orc warriors
  2 ogres
  7 giant frogs
  A crocodile (D:8)
  2 scorpions
  13 killer bees
  7 wights
  A centaur zombie (D:9)
  3 hounds
  2 giant frog zombies
  6 crimson imps
  6 jellies
  A quasit (D:6)
  A centaur skeleton (D:6)
  2 giant frog skeletons
  3 orc priests
  8 orc wizards
  Jessica (D:2)
  7 worker ants
  An iguana (D:9)
  A hound skeleton (D:7)
  14 adders
  6 gnolls
  2 shadow imps (D:8)
  2 adder zombies (D:7)
  4 worms
  2 giant geckos
  30 orcs
  13 goblins
  12 hobgoblins
  8 jackals
  4 quokkas
  2 ball pythons
  A ball python skeleton (D:4)
  5 bats
  4 giant cockroaches
  6 giant newts
  12 kobolds
  A quokka skeleton (D:5)
  7 rats
233 creatures vanquished.

Vanquished Creatures (others)
  A plant (D:9)
1 creature vanquished.

Grand Total: 234 creatures vanquished

Notes
Turn   | Place    | Note
--------------------------------------------------------------
     0 | D:1      | Gorice the Felid Wanderer began the quest for the Orb.
     0 | D:1      | Gorice set off with: a scroll of fear {!r}, Iskenderun's Grimoire of Aerial Conjuration, a potion of lignification {!q}, a meat ration {!e}
     0 | D:1      | Reached XP level 1. HP: 9/9 MP: 4/4
     0 | D:1      | Identified Iskenderun's Grimoire of Aerial Conjuration
     2 | D:1      | Learned a level 1 spell: Shock
   188 | D:1      | Reached skill level 1 in Air Magic
   259 | D:1      | Reached XP level 2. HP: 8/12 MP: 0/6
   407 | D:1      | HP: 2/12 [hobgoblin (5)]
  1351 | D:2      | Reached XP level 3. HP: 8/15 MP: 4/7
  1352 | D:2      | Gained mutation: You are weak. (Str -2) [potion of mutation]
  1352 | D:2      | Gained mutation: You can translocate small distances at will. [potion of mutation]
  1352 | D:2      | Gained mutation: You are partially covered in yellow scales (AC +2). [potion of mutation]
  1353 | D:2      | Gained mutation: You are partially covered in icy blue scales (AC +1). [potion of mutation]
  1353 | D:2      | Gained mutation: You tend to lose your temper in combat. [potion of mutation]
  1486 | D:2      | Reached skill level 2 in Air Magic
  1889 | D:2      | Noticed Jessica
  1897 | D:2      | Killed Jessica
  1897 | D:2      | Reached skill level 1 in Conjurations
  1897 | D:2      | Reached XP level 4. HP: 19/19 MP: 1/8
  2397 | D:2      | HP: 5/19 [poisoned by an adder]
  2405 | D:2      | HP: 4/19 [poisoned by an adder]
  3125 | D:3      | Reached skill level 3 in Spellcasting
  3308 | D:2      | Reached XP level 5. HP: 18/22 MP: 10/10
  3370 | D:3      | Killed from afar by an orc priest
  3371 | D:3      | Reached XP level 4. HP: 0/19 MP: 4/9
  3386 | D:3      | Reached skill level 2 in Conjurations
  3386 | D:3      | Reached skill level 3 in Air Magic
  3754 | D:3      | Reached XP level 5. HP: 22/22 MP: 2/10
  4564 | D:4      | Found a shattered altar of Ashenzari.
  4576 | D:4      | Reached skill level 3 in Conjurations
  5064 | D:4      | Gained mutation: You are covered in thick fur (AC +2). [Felid growth]
  5064 | D:4      | Reached XP level 6. HP: 20/25 MP: 3/12
  5343 | D:4      | Found a white marble altar of Elyvilon.
  5415 | D:4      | Learned a level 3 spell: Mephitic Cloud
  5553 | D:4      | Noticed Goblin1989's ghost (amateur DsMo)
  5612 | D:4      | Found a blossoming altar of Fedhas.
  5675 | D:4      | Found a bloodstained altar of Trog.
  6311 | D:3      | HP: 7/25 [worker ant (4)]
  6313 | D:3      | HP: 1/25 [worker ant (6)]
  6751 | D:5      | Entered Level 5 of the Dungeon
  6762 | D:5      | Reached skill level 4 in Spellcasting
  6762 | D:5      | Reached skill level 4 in Conjurations
  6970 | D:5      | Reached XP level 7. HP: 28/28 MP: 10/14
  7017 | D:5      | Found a basalt altar of Yredelemnul.
  7056 | D:5      | Reached skill level 4 in Air Magic
  7056 | D:5      | Reached skill level 1 in Poison Magic
  7285 | D:5      | Reached skill level 2 in Poison Magic
  7959 | D:5      | Reached skill level 3 in Poison Magic
  8182 | D:6      | Reached XP level 8. HP: 32/32 MP: 8/16
  8734 | D:6      | Found Rukoh's Book Boutique.
  9040 | D:6      | Reached skill level 5 in Spellcasting
  9040 | D:6      | Reached skill level 5 in Conjurations
  9040 | D:6      | Reached skill level 4 in Poison Magic
  9468 | D:6      | Found a staircase to the Ecumenical Temple.
  9478 | Temple   | Entered the Ecumenical Temple
  9538 | Temple   | Became a worshipper of Vehumet
  9639 | D:6      | Reached skill level 5 in Air Magic
  9823 | D:6      | Reached skill level 5 in Poison Magic
 10264 | D:7      | Reached XP level 9. HP: 18/35 MP: 7/18
 10973 | D:7      | Learned a level 2 spell: Repel Missiles
 10978 | D:7      | Learned a level 3 spell: Conjure Flame
 11310 | D:7      | Reached skill level 1 in Fire Magic
 11397 | D:7      | Found a sparkling altar of Nemelex Xobeh.
 11427 | D:7      | Learned a level 4 spell: Airstrike
 11650 | D:8      | Reached skill level 6 in Air Magic
 12163 | D:8      | Found a flagged portal.
 12185 | D:8      | Acquired Vehumet's first power
 12185 | D:8      | Offered knowledge of Freeze by Vehumet.
 12216 | D:8      | Reached skill level 6 in Conjurations
 12216 | D:8      | Reached skill level 2 in Fire Magic
 12431 | Bailey   | Entered a bailey
 12431 | Bailey   | Noticed an orc knight
 12432 | Bailey   | Noticed an orc knight
 12434 | Bailey   | Killed an orc knight
 12434 | Bailey   | Reached skill level 6 in Spellcasting
 12434 | Bailey   | Reached skill level 3 in Fire Magic
 12435 | Bailey   | Killed an orc knight
 12435 | Bailey   | Reached skill level 7 in Air Magic
 12435 | Bailey   | Reached XP level 10. HP: 36/39 MP: 15/20
 12439 | Bailey   | Noticed an orc knight
 12460 | Bailey   | Noticed an orc knight
 12461 | Bailey   | Noticed an orc knight
 12478 | Bailey   | Killed an orc knight
 12478 | Bailey   | Reached skill level 4 in Fire Magic
 12484 | Bailey   | Killed an orc knight
 12484 | Bailey   | Reached skill level 7 in Conjurations
 12510 | Bailey   | Slain by an orc knight
 12511 | Bailey   | Reached XP level 9. HP: 0/35 MP: 2/19
 12529 | Bailey   | HP: 8/35 [orc/trident (8)]
 12531 | Bailey   | Slain by an orc
 12532 | Bailey   | Reached XP level 8. HP: -1/32 MP: 18/18
 13299 | D:8      | HP: 9/32 [poisoned by a water moccasin]
 13307 | D:8      | HP: 8/32 [poisoned by a water moccasin]
 13969 | D:8      | Reached XP level 9. HP: 20/35 MP: 8/19
 14099 | D:8      | Reached skill level 5 in Fire Magic
 14362 | D:9      | Reached skill level 8 in Air Magic
 14745 | D:9      | Found a runed door.
 14844 | D:9      | Offered knowledge of Throw Flame by Vehumet.
 14890 | D:9      | Noticed a queen bee
 14926 | D:9      | HP: 10/35 [killer bee (6)]
 14929 | D:9      | HP: 4/35 [killer bee (2)]
 14930 | D:9      | Slain by a killer bee

Vault maps used:
D:1:      grunt_arrival_crossed_arrows
D:2:      kennysheep_generic_room_12, uniq_jessica
D:3:      first_bread
D:4:      lightli_temple_of_fire, kennysheep_mini_moat, fedhas_altar_4,
          hangedman_decor_clover_reticule, minivault_25, evilmike_ruin_ashenzari
D:5:      lemuel_round_altar
D:6:      minmay_temple_entry_statues_fountains, serial_shops, kennysheep_mini,
          minmay_hedge_maze, amethyst_killhole
D:7:      old_standard_altar
D:8:      enter_bailey_7
D:9:      kennysheep_housing_project, lemuel_coloured_pillars_altar,
          serial_shops, nicolae_shop_crystal, david_nohive_1,
          minmay_statue_crystal_thing, uniq_erolcha
Temple:   circular_temple_13
Bailey:   bailey_polearm_4, bailey

Action                   |  1- 3 |  4- 6 |  7- 9 | 10-12 || total
-------------------------+-------+-------+-------+-------++-------
Melee: Unarmed           |    58 |   159 |   193 |     1 ||   411
 Cast: Shock             |    70 |   136 |   352 |     1 ||   559
       Mephitic Cloud    |       |     4 |    36 |     6 ||    46
       Airstrike         |       |       |    22 |       ||    22
       Conjure Flame     |       |       |    25 |     2 ||    27
       Repel Missiles    |       |       |     2 |       ||     2
 Abil: Blink             |       |     2 |    20 |     4 ||    26
Evoke: Wand              |       |       |       |     2 ||     2
  Use: Scroll            |     1 |     9 |     5 |     2 ||    17
       Potion            |     3 |     1 |       |       ||     4
 Stab: Sleeping          |     7 |    11 |     1 |       ||    19
       Confused          |       |       |     6 |       ||     6
  Eat: Chunk             |    11 |    19 |    24 |       ||    54

Table legend:
 A = Turns spent in this place as a percentage of turns spent in the entire game.
 B = Non-inter-level travel turns spent in this place as a percentage of non-inter-level travel turns spent in the entire game.
 C = Inter-level travel turns spent in this place as a percentage of turns spent in this place.
 D = Turns resting spent in this place as a percentage of non-inter-level travel turns spent in this place.
 E = Turns spent auto-exploring this place as a percentage of non-inter-level travel turns spent in this place.
 F = Non-inter-level travel turns spent in this place divided by the number of levels of this place that you've seen.
                   A       B       C       D       E      F
               +-------+-------+-------+-------+-------+----------------------
         Total | 100.0 | 100.0 |   0.4 |   7.0 |   4.2 | 444.2
       Dungeon |  96.9 |  96.9 |   0.4 |   7.2 |   4.1 | 526.1
        Temple |   0.5 |   0.5 |   4.3 |   0.0 |  31.8 |  22.0
        Bailey |   2.6 |   2.6 |   0.0 |   1.6 |   0.0 | 129.0
               +-------+-------+-------+-------+-------+----------------------

Vault maps used:
D:1:      grunt_arrival_crossed_arrows
D:2:      kennysheep_generic_room_12, uniq_jessica
D:3:      first_bread
D:4:      lightli_temple_of_fire, kennysheep_mini_moat, fedhas_altar_4,
          hangedman_decor_clover_reticule, minivault_25, evilmike_ruin_ashenzari
D:5:      lemuel_round_altar
D:6:      minmay_temple_entry_statues_fountains, serial_shops, kennysheep_mini,
          minmay_hedge_maze, amethyst_killhole
D:7:      old_standard_altar
D:8:      enter_bailey_7
D:9:      kennysheep_housing_project, lemuel_coloured_pillars_altar,
          serial_shops, nicolae_shop_crystal, david_nohive_1,
          minmay_statue_crystal_thing, uniq_erolcha
Temple:   circular_temple_13
Bailey:   bailey_polearm_4, bailey
